 Dungeon Crawl Stone Soup version 0.29.0-5-ge4962eb29e (webtiles) character file.

Game seed: 11562217271349899319

49 Arcadio the Stinger (level 3, -6/24 HPs)
             Began as a Merfolk Venom Mage on Aug 29, 2022.
             Killed by divine providence
             ... invoked by an orc priest
              (11 damage)
             ... on level 3 of the Dungeon.
             The game lasted 00:03:33 (2080 turns).

Arcadio the Stinger (Merfolk Venom Mage)            Turns: 2080, Time: 00:03:34

Health: -6/24      AC:  3    Str:  8    XL:     3   Next: 77%
Magic:  0/7        EV: 13    Int: 16    God:
Gold:   135        SH:  0    Dex: 14    Spells: 1/7 levels left

rFire   . . .      SeeInvis .   d - +0 dagger
rCold   . . .      Faith    .   (no shield)
rNeg    . . .      Spirit   .   a - +0 robe
rPois   .          Reflect  .   (no helmet)
rElec   .          Harm     .   (no cloak)
rCorr   .          Rampage  .   g - +0 pair of gloves
Will    .....                   (no boots)
Stlth   ++........              (no amulet)
HPRegen 0.08/turn               (no ring)
MPRegen 0.10/turn               (no ring)

@: very slightly contaminated
A: (nimble swimmer 2), mertail
a: no special abilities


You were on level 3 of the Dungeon.
You visited 1 branch of the dungeon, and saw 3 of its levels.

You collected 135 gold pieces.

Inventory:

Hand Weapons
 d - a +0 dagger (weapon)
Armour
 a - a +0 robe (worn)
 g - a +0 pair of gloves (worn)
 m - a +0 buckler
Jewellery
 p - an amulet of guardian spirit
Scrolls
 e - 4 scrolls of identify {unknown}
 h - 5 scrolls of teleportation {unknown}
 i - a scroll of fear {unknown}
 j - a scroll of amnesia {unknown}
 l - a scroll of acquirement {unknown}
Potions
 b - 2 potions of magic
 c - 2 potions of haste {unknown}
 f - a potion of curing {unknown}
 k - a potion of resistance {unknown}
 n - a potion of berserk rage {unknown}
 o - a potion of heal wounds {unknown}


   Skills:
 + Level 3.7 Dodging
 - Level 2.1 Stealth
 + Level 2.7 Spellcasting
 - Level 1.3 Transmutations
 + Level 3.9 Poison Magic


You had one spell level left.
You knew the following spells:

 Your Spells              Type           Power      Damage    Failure   Level
a - Sting                 Tmut/Pois      40%        1d5       6%          1
b - Poisonous Vapours     Pois/Air       16%        N/A       13%         2
c - Mephitic Cloud        Conj/Pois/Air  6%         N/A       32%         3

Your spell library contained the following spells:

 Spells                   Type           Power      Damage    Failure   Level
 Passwall                 Tmut/Erth      3%         N/A       22%         2
 Ensorcelled Hibernation  Hex/Ice        4%         N/A       28%         2
 Olgreb's Toxic Radiance  Pois           14%        N/A       36%         4
 Swiftness                Air            2%         N/A       50%         3


Dungeon Overview and Level Annotations

Branches:
Dungeon (3/15) Zot: 15920

Altars:
Cheibriados

Shops:
D:1 [


Innate Abilities, Weirdness & Mutations

((You are very nimble when in or above water. (Stealth+, EV+, Speed+++)))
Your lower body shifts to a powerful aquatic tail in water.


Message History

Casting: Poisonous Vapours (safe; 13% risk of failure)
Confirm with . or Enter, or press ? or * to list all spells.
Aiming: Poisonous Vapours (safe; 13% risk of failure)
Press: ? - help, Dir - move target, f - orc
Aim: an orc, wielding a +0 hand axe and wearing a +0 leather armour Poisonous vapours surround the orc!
The orc is poisoned.
Casting: Poisonous Vapours (safe; 13% risk of failure)
Confirm with . or Enter, or press ? or * to list all spells.
Aiming: Poisonous Vapours (safe; 13% risk of failure)
Press: ? - help, Dir - move target, f/p - orc
Aim: an orc, wielding a +0 hand axe and wearing a +0 leather armour (poisoned)
You miscast Poisonous Vapours.
Nothing appears to happen.
An orc priest comes into view. It is wielding a +0 club.
You barely miss the orc. The orc hits you with a +0 hand axe.
You hit the orc.
The orc is heavily wounded.
The orc attacks as you move away! The orc barely misses you.
An adder comes into view.
The orc attacks as you move away! The orc hits you with a +0 hand axe.
The orc looks more healthy.
The orc priest calls down the wrath of Beogh upon you.
Beogh smites you!
* * * LOW HITPOINT WARNING * * *
You see here a +0 club.
You hit the orc.
You kill the orc!
The orc priest looks satisfied for a moment.
Casting: Poisonous Vapours (safe; 13% risk of failure)
Confirm with . or Enter, or press ? or * to list all spells.
Aiming: Sting (safe; 6% risk of failure)
Press: ? - help, Shift-Dir - straight line, f - orc
Aim: an orc, wielding a +0 dagger (71% to hit)
The sting hits the orc.
The orc is poisoned.
The orc is heavily wounded.
The orc closely misses you.
You hit the orc.
You kill the orc!
The orc priest calls down the wrath of Beogh upon you.
Beogh smites you!
You die...

..### #.# ... #.#
#)### #.# #...## #.#
###..# #.# ##o#####
#.## ..~ #.)...#
#..## ..P
##....#####..## ..~P
#..o@...###..## ...P~
#...###.......##..P~~
#...# ##.###......~PP
#...# #.# #<.....~P~
#...# #.# ##.....###
#...# #.. #.....#
#...# ### #...#.#
#...+ #+#..># #...#
.(.#


You could see an orc priest and an orc.

Vanquished Creatures
  An adder (D:2)
  A dart slug (D:1)
  4 orcs (D:3)
  4 ball pythons
  4 bats (D:1)
  5 endoplasms
  3 goblins
  A quokka (D:1)
  6 kobolds
  7 rats
36 creatures vanquished.

Vanquished Creatures (others)
  9 plants (D:3)
9 creatures vanquished.

Grand Total: 45 creatures vanquished

Notes
Turn   | Place    | Note
-------+----------+-------------------------------------------
     0 | D:1      | Arcadio the Merfolk Venom Mage began the quest for the Orb.
     0 | D:1      | Reached XP level 1. HP: 13/13 MP: 3/3
   464 | D:1      | Reached XP level 2. HP: 19/19 MP: 3/5
   557 | D:1      | Found a faded altar of an unknown god.
   595 | D:1      | Found Deusitup's Armour Shop.
   988 | D:1      | Reached XP level 3. HP: 24/24 MP: 3/6
  1438 | D:2      | Learned a level 2 spell: Poisonous Vapours
  1442 | D:2      | Learned a level 3 spell: Mephitic Cloud
  1693 | D:2      | Found a snail-covered altar of Cheibriados.
  2080 | D:3      | Killed from afar by an orc priest

Illustrated notes

Levels and vault maps discovered:
D:1:      elethiomel_arrival_maze, layout_basic, serial_shops, shop,
          shapermc_ecumenical_altar_pompeii, minmay_pentomino_w2
D:2:      layout_loops_cross, basic_altar
D:3:      layout_basic, nicolae_gozag_cash_rules_everything_around_me,
          serial_bayou, serial_bayou_pond_c, serial_bayou_shore_b,
          serial_bayou_ford_a, serial_bayou_shore_a

Skill      XL: |  1 |
---------------+----+-----
Dodging        | 3 |  3.7
Stealth        | |  2.1
Spellcasting   | |  2.7
Transmutations | |  1.3
Poison Magic   | |  3.9

Action                   || total
-------------------------++-------
Melee: Dagger            ||    40
       Punch             ||     1
 Cast: Sting             ||    37
       Poisonous Vapours ||     5
Armor: Robe              ||     6
Dodge: Dodged            ||    28
